[Event "Open B - Konik"]
[Site "?"]
[Date "2013.05.01"]
[Round "5.5"]
[White "Hlubina, Pavel"]
[Black "Byma, Pavel"]
[Result "1-0"]
[ECO "D60"]
[WhiteElo "1920"]
[BlackElo "1962"]
[PlyCount "71"]
[EventDate "2013.??.??"]
[TimeControl "6000+1065"]
[WhiteClock "0:37:26"]
[BlackClock "0:01:07"]

1. d4 Nf6 2. c4 e6 3. Nc3 d5 4. Bg5 Be7 5. Nf3 Nbd7 6. e3 O-O 7. Bd3 h6 8. Bh4
dxc4 9. Bxc4 b6 10. O-O Bb7 11. Rc1 Rc8 12. Bd3 c5 13. Bg3 cxd4 14. exd4 Nh5
15. Re1 Nxg3 16. hxg3 Nf6 17. Bb1 Re8 18. Qd3 Bf8 19. Ne5 Qd6 20. Ng4 Be7 21.
Rcd1 Red8 22. d5 Kf8 23. Nxf6 Bxf6 24. Qh7 e5 25. Ne4 Qb4 26. d6 g6 27. Nxf6
Rxd6 28. Qxh6+ Ke7 29. Nh7 Rxd1 30. Qg5+ Kd7 31. Rxd1+ Kc6 32. Qxe5 b5 33. Nf6
Kb6 34. a3 Qb3 35. Qe3+ Ka6 36. Qxb3 1-0

[Event "Open B - Konik"]
[Site "?"]
[Date "2013.05.01"]
[Round "5.6"]
[White "Borovicka, Bohumil"]
[Black "Bergloviec, Jan"]
[Result "1/2-1/2"]
[ECO "A45"]
[WhiteElo "1996"]
[BlackElo "1854"]
[PlyCount "82"]
[EventDate "2013.??.??"]
[TimeControl "6000+770"]
[WhiteClock "0:29:27"]
[BlackClock "0:04:32"]

1. d4 Nf6 2. Bf4 d5 3. e3 Bf5 4. c4 c6 5. Qb3 Qb6 6. c5 Qxb3 7. axb3 Nbd7 8. b4
Bxb1 9. Rxb1 a6 10. h3 e6 11. Ra1 Rc8 12. Nf3 Be7 13. Bd3 O-O 14. O-O Rfe8 15.
g4 Nf8 16. Nd2 Ng6 17. Bg3 Bd8 18. f4 Bc7 19. Kg2 Ne7 20. Rae1 Nd7 21. Nf3 f6
22. e4 dxe4 23. Rxe4 Nd5 24. Bc4 Nf8 25. Rfe1 Kf7 26. Bxd5 exd5 27. Rxe8 Rxe8
28. Rxe8 Kxe8 29. f5 Bxg3 30. Kxg3 h6 31. h4 Kf7 32. Nd2 Ke7 33. Nb3 Kd8 34.
Nc1 Ke7 35. Ne2 Nd7 36. Kf4 Nf8 37. g5 hxg5+ 38. hxg5 Nh7 39. g6 Ng5 40. Ng3
Nh3+ 41. Ke3 Ng5 1/2-1/2

[Event "Open B - Konik"]
[Site "?"]
[Date "2013.05.01"]
[Round "5.7"]
[White "Písa, Vladimír"]
[Black "Siwek, Antonín"]
[Result "1-0"]
[ECO "B44"]
[WhiteElo "1966"]
[BlackElo "1932"]
[PlyCount "89"]
[EventDate "2013.??.??"]
[TimeControl "6000+935"]
[WhiteClock "0:42:57"]
[BlackClock "0:24:26"]

1. e4 c5 2. Nf3 e6 3. d4 cxd4 4. Nxd4 Nc6 5. Be2 Nf6 6. Nxc6 bxc6 7. Nd2 Qc7 8.
O-O d5 9. exd5 cxd5 10. Nf3 Bd6 11. Bb5+ Bd7 12. Bxd7+ Qxd7 13. Re1 O-O 14. Qd3
Qc7 15. h3 Rfc8 16. c3 Ne4 17. Ng5 Nf6 18. h4 h6 19. Nh3 Qc4 20. Qxc4 Rxc4 21.
g3 Ne4 22. Kg2 Rb8 23. Re2 a5 24. Bf4 a4 25. Rxe4 Rxe4 26. Bxd6 Rxb2 27. a3 f6
28. Nf4 Kf7 29. Rd1 g5 30. hxg5 hxg5 31. Nd3 Rc2 32. Bb4 Ree2 33. Rf1 e5 34.
Nc1 Re4 35. Rd1 g4 36. Rf1 f5 37. Kg1 f4 38. gxf4 exf4 39. Nd3 f3 40. Re1 Rd2
41. Ne5+ Ke6 42. Rxe4 dxe4 43. Nxg4 Rd3 44. Kh2 Kd5 45. Kg3 1-0

[Event "Open B - Konik"]
[Site "?"]
[Date "2013.05.01"]
[Round "5.8"]
[White "Dolezal, Radoslav"]
[Black "Kanáková, Natálie"]
[Result "1/2-1/2"]
[ECO "B22"]
[WhiteElo "1952"]
[BlackElo "1749"]
[PlyCount "49"]
[EventDate "2013.??.??"]
[TimeControl "6000+500"]
[WhiteClock "1:17:52"]
[BlackClock "0:50:37"]

1. e4 c5 2. c3 d5 3. exd5 Qxd5 4. d4 e6 5. Nf3 Nf6 6. Be2 Be7 7. O-O O-O 8. Be3
cxd4 9. Nxd4 Nc6 10. Bf3 Qd7 11. Nxc6 bxc6 12. Qxd7 Bxd7 13. c4 Rab8 14. b3 a5
15. Nc3 e5 16. Rfd1 Bg4 17. Bxg4 Nxg4 18. Rd7 Bb4 19. Na4 Nxe3 20. fxe3 Rfd8
21. Rad1 Be7 22. Kf2 Kf8 23. Rxd8+ Rxd8 24. Rxd8+ Bxd8 25. e4 1/2-1/2

[Event "Open B - Konik"]
[Site "?"]
[Date "2013.05.04"]
[Round "8.5"]
[White "Tylecek, Drahomír"]
[Black "Zeman, Arnost"]
[Result "1/2-1/2"]
[ECO "B28"]
[WhiteElo "1916"]
[BlackElo "1994"]
[PlyCount "69"]
[EventDate "2013.??.??"]
[TimeControl "6000+685"]
[WhiteClock "0:52:29"]
[BlackClock "0:44:26"]

1. e4 c5 2. Nf3 a6 3. d4 cxd4 4. Nxd4 Nf6 5. Bd3 d6 6. O-O g6 7. c3 Bg7 8. Nd2
Nbd7 9. Bc2 Qc7 10. N2f3 O-O 11. Bg5 h6 12. Bh4 Nc5 13. Re1 e5 14. Nb3 Ne6 15.
Qd2 g5 16. Bg3 Nh5 17. Rad1 Rd8 18. Nc1 Bf6 19. Nd3 a5 20. Bb3 Qe7 21. Qc2 Bd7
22. Bd5 Rab8 23. Qe2 Nhf4 24. Bxf4 gxf4 25. Kh1 Kh7 26. g3 fxg3 27. fxg3 Ng5
28. Nxg5+ Bxg5 29. Rf1 Be6 30. Qh5 Kg7 31. h4 Be3 32. Rf3 Bxd5 33. exd5 Bb6 34.
Rdf1 Rf8 35. Rf6 1/2-1/2

[Event "Open B - Konik"]
[Site "?"]
[Date "2013.05.04"]
[Round "8.6"]
[White "Valencik, Jozef"]
[Black "Blecha, Josef"]
[Result "1-0"]
[ECO "C47"]
[WhiteElo "1972"]
[BlackElo "1889"]
[PlyCount "39"]
[EventDate "2013.??.??"]
[TimeControl "6000+905"]
[WhiteClock "0:47:44"]
[BlackClock "1:14:04"]

1. e4 Nf6 2. Nc3 e5 3. Nf3 Nc6 4. d4 exd4 5. Nxd4 Nxd4 6. Qxd4 d6 7. Be3 Bd7 8.
f3 c6 9. O-O-O Be6 10. e5 dxe5 11. Qxe5 Qc8 12. Nb5 Nd5 13. Rxd5 cxd5 14. Nc7+
Kd8 15. Bg5+ Be7 16. Qd6+ Qd7 17. Bxe7+ Kc8 18. Nxa8 Qxd6 19. Bxd6 Kd7 20. Be5
1-0

[Event "Open B - Konik"]
[Site "?"]
[Date "2013.05.04"]
[Round "8.7"]
[White "Byma, Pavel"]
[Black "Hanák, Tomás"]
[Result "1-0"]
[ECO "B80"]
[WhiteElo "1962"]
[BlackElo "1646"]
[PlyCount "55"]
[EventDate "2013.??.??"]
[TimeControl "6000+1045"]
[WhiteClock "0:15:12"]
[BlackClock "0:36:04"]

1. e4 c5 2. Nf3 d6 3. d4 cxd4 4. Nxd4 Nf6 5. Nc3 e6 6. Bg5 Be7 7. Qd2 O-O 8.
Be2 a6 9. a4 Qc7 10. a5 Nbd7 11. O-O h6 12. Be3 Ne5 13. f3 Bd7 14. g4 Kh7 15.
g5 Ng8 16. f4 Nc4 17. Bxc4 Qxc4 18. h4 f5 19. exf5 exf5 20. Qg2 Rab8 21. Nd5
Bd8 22. b3 Qc8 23. Kh2 Ne7 24. gxh6 g6 25. Rg1 Be8 26. h5 Nxd5 27. hxg6+ Kxh6
28. Qh3+ 1-0

[Event "Open B - Konik"]
[Site "?"]
[Date "2013.05.04"]
[Round "8.8"]
[White "Týn, Marek"]
[Black "Hlubina, Pavel"]
[Result "1/2-1/2"]
[ECO "B09"]
[WhiteElo "1875"]
[BlackElo "1920"]
[PlyCount "60"]
[EventDate "2013.??.??"]
[TimeControl "6000+755"]
[WhiteClock "0:38:34"]
[BlackClock "1:12:56"]

1. e4 d6 2. d4 Nf6 3. Nc3 g6 4. f4 Bg7 5. Nf3 O-O 6. Be3 Ng4 7. Bg1 b6 8. h3
Nh6 9. g4 f5 10. Bc4+ Kh8 11. g5 Nf7 12. e5 e6 13. h4 d5 14. Be2 Na6 15. h5 Kg8
16. Nh4 gxh5 17. Bxa6 Bxa6 18. Qxh5 Nh8 19. g6 Nxg6 20. Nxg6 hxg6 21. Qxg6 Qe8
22. Qh7+ Kf7 23. Rh6 Rg8 24. Bf2 Kf8 25. Bh4 Bxh6 26. Qxh6+ Rg7 27. Bf6 Qg6 28.
Bxg7+ Qxg7 29. Qxg7+ Kxg7 30. Kf2 Rh8 1/2-1/2

[Event "Open B - Konik"]
[Site "?"]
[Date "2013.05.05"]
[Round "9.5"]
[White "Zeman, Arnost"]
[Black "Byma, Pavel"]
[Result "0-1"]
[ECO "A10"]
[WhiteElo "1994"]
[BlackElo "1962"]
[PlyCount "62"]
[EventDate "2013.??.??"]
[TimeControl "6000+1435"]
[WhiteClock "0:03:28"]
[BlackClock "0:05:26"]

1. c4 g6 2. Nc3 Bg7 3. g3 c6 4. Bg2 Nf6 5. Nf3 d5 6. cxd5 cxd5 7. d4 Nc6 8. O-O
O-O 9. Ne5 Bf5 10. Qa4 Qb6 11. Nxc6 bxc6 12. e3 Rab8 13. Qa3 Rfe8 14. Rd1 e5
15. Na4 Qb4 16. Qxb4 Rxb4 17. dxe5 Nd7 18. Rd4 Reb8 19. Bd2 R4b7 20. f4 f6 21.
Rc1 fxe5 22. fxe5 Nxe5 23. Rh4 Bf6 24. Rf4 Nd3 25. Rxf5 gxf5 26. Rxc6 Kg7 27.
Bxd5 Ne5 28. Rxf6 Kxf6 29. Bxb7 Rxb7 30. Bc3 Rc7 31. Bd4 Ke6 0-1

[Event "Open B - Konik"]
[Site "?"]
[Date "2013.05.05"]
[Round "9.6"]
[White "Tylecek, Drahomír"]
[Black "Valencik, Jozef"]
[Result "1/2-1/2"]
[ECO "B06"]
[WhiteElo "1916"]
[BlackElo "1972"]
[PlyCount "28"]
[EventDate "2013.??.??"]
[TimeControl "6000+920"]
[WhiteClock "1:03:08"]
[BlackClock "1:06:10"]

1. e4 g6 2. d4 Bg7 3. Nc3 c5 4. Nf3 cxd4 5. Nxd4 Nc6 6. Nxc6 bxc6 7. Bc4 e6 8.
O-O d5 9. exd5 cxd5 10. Qf3 Ne7 11. Bb5+ Bd7 12. Bg5 O-O 13. Bxd7 Qxd7 14. Bf6
Nf5 1/2-1/2

[Event "Open B - Konik"]
[Site "?"]
[Date "2013.05.05"]
[Round "9.7"]
[White "Dvorák, Vladimír"]
[Black "Týn, Marek"]
[Result "1-0"]
[ECO "B23"]
[WhiteElo "1996"]
[BlackElo "1875"]
[PlyCount "45"]
[EventDate "2013.??.??"]
[TimeControl "6000+830"]
[WhiteClock "0:36:05"]
[BlackClock "0:28:14"]

1. e4 c5 2. Nc3 Nc6 3. f4 d6 4. Nf3 g6 5. Bb5 Bd7 6. O-O Bg7 7. Bxc6 Bxc6 8. d3
e6 9. Qe1 Ne7 10. f5 gxf5 11. Bg5 fxe4 12. Nxe4 Bxe4 13. Qxe4 h6 14. Bh4 Qd7
15. c3 O-O-O 16. d4 cxd4 17. Nxd4 Rdf8 18. Bxe7 Qxe7 19. Nf5 Qc7 20. Nxg7 Rhg8
21. Nxe6 Re8 22. Nxc7 Rxe4 23. Nd5 1-0

[Event "Open B - Konik"]
[Site "?"]
[Date "2013.05.05"]
[Round "9.8"]
[White "Hlubina, Pavel"]
[Black "Benes, Miroslav"]
[Result "0-1"]
[ECO "E33"]
[WhiteElo "1920"]
[BlackElo "1954"]
[PlyCount "104"]
[EventDate "2013.??.??"]
[TimeControl "6000+1670"]
[WhiteClock "0:22:09"]
[BlackClock "0:06:51"]

1. d4 Nf6 2. c4 e6 3. Nc3 Bb4 4. Qc2 Nc6 5. Nf3 O-O 6. Bg5 d6 7. e3 h6 8. h4
Qe7 9. O-O-O Bxc3 10. bxc3 e5 11. d5 Nb8 12. Nd2 Nbd7 13. Ne4 hxg5 14. hxg5
Nxe4 15. Qxe4 f5 16. Qh4 Kf7 17. Qh5+ g6 18. Qh7+ Ke8 19. Qxg6+ Qf7 20. Qh6 Rg8
21. Be2 Nf8 22. f4 e4 23. c5 Ng6 24. cxd6 cxd6 25. Bh5 Ke7 26. Bxg6 Rxg6 27.
Qh8 Rg7 28. Rh6 Qg8 29. Qxg8 Rxg8 30. Rh7+ Kf8 31. Rdh1 Rg7 32. Rh8+ Ke7 33.
R1h6 b5 34. Rf6 Rf7 35. Rg6 Bb7 36. Re6+ Kd7 37. Rhh6 Rd8 38. Rxd6+ Kc7 39.
Rxd8 Kxd8 40. d6 Bd5 41. Kb2 a5 42. c4 Bxc4 43. Kc3 Bxa2 44. Kd4 b4 45. Kc5 Rg7
46. Rf6 Bf7 47. g6 Be8 48. Rxf5 b3 49. Rd5 Rb7 50. g7 Rb5+ 51. Kd4 Rxd5+ 52.
Kxd5 Bf7+ 0-1